AoeStats
← Drako

Black Forest

509953571Analyzed
4v4 RM · 5d ago on Sep 28, 2026· 98m 54s· 8 players
Game mode
Random Map
Map size
Large (8 player)
Population
200
Speed
Normal
Resources
Standard
Victory
Conquest
Starting age
Dark Age
Ending age
Imperial Age
RankedLock teamsTeams togetherTeam positionsShared explorationLock speedFull tech treeHidden civsTurbo modeCheats
Victory
Defeat
🇩🇪 Teutons · Germany
904
+13
🇪🇸 Persians · Spain
875
+14
🇫🇷 Magyars · France
860
+15
🇮🇹 Mongols · Italy
851
+15
🇦🇷 Malians · Argentina
945
-20
🇦🇷 Franks · Argentina
821
-14
🇨🇿 Bohemians · Czechia
788
-12
🇹🇷 Huns · Türkiye
764
-11
Silradi
0:38 Loom
13:11 Feudal Age
13:35 Horse Collar
13:43 Double-Bit Axe
17:41 Fishing Lines
21:04 Gold Mining
21:06 Stone Mining
23:39 Castle Age
24:53 Gillnets
25:17 Bow Saw
25:10 Heavy Plow
25:52 Gold Shaft Mining
28:22 Bloodlines
28:14 Husbandry
28:24 Caravan
32:06 Ballistics
32:58 Light Cavalry
36:57 Imperial Age
37:21 Pikeman
38:52 Conscription
38:59 Halberdier
39:13 Onager
41:07 Hussar
45:12 Scale Barding Armor
45:08 Scale Mail Armor
46:40 Chain Barding Armor
46:21 Scale Mail Armor
46:12 Fletching
48:59 Plate Barding Armor
48:42 Chain Mail Armor
62:20 Man-at-Arms
63:19 Heavy Scorpion
64:47 Long Swordsman
65:48 Two-Handed Swordsman
86:03 Coinage
88:03 Banking
frankonil
0:29 Loom
13:19 Feudal Age
13:41 Double-Bit Axe
14:50 Gold Mining
19:06 Castle Age
17:32 Stone Mining
17:26 Horse Collar
20:48 Caravan
21:44 Wheelbarrow
22:39 Bow Saw
23:25 Fervor
29:35 Imperial Age
27:09 Town Watch
28:09 Gold Shaft Mining
29:50 Scale Barding Armor
29:36 Fletching
31:01 Chemistry
29:57 Murder Holes
30:30 Hand Cart
32:01 Ballistics
32:45 Town Patrol
35:19 Two-Man Saw
36:35 Husbandry
36:51 Citadels
36:28 Crossbowman
37:13 Thumb Ring
37:13 Heavy Plow
38:59 Bodkin Arrow
39:25 Chain Barding Armor
40:10 Padded Archer Armor
40:19 Elite War Elephant
41:59 Leather Archer Armor
42:20 Plate Barding Armor
42:26 Hoardings
45:41 Kamandaran
51:44 Ring Archer Armor
53:22 Conscription
60:20 Guard Tower
72:03 Masonry
80:39 Onager
87:06 Coinage
86:46 Guilds
92:45 Architecture
Sacresh Martire
0:46 Loom
11:08 Feudal Age
11:44 Double-Bit Axe
11:54 Gold Mining
13:13 Fishing Lines
17:37 Castle Age
19:06 Bow Saw
19:00 Horse Collar
19:14 Stone Mining
20:03 Gold Shaft Mining
24:02 Stone Shaft Mining
25:56 Heavy Plow
26:18 Gillnets
28:14 Scale Barding Armor
28:20 Forging
32:06 Imperial Age
29:55 Nomads
30:20 Chain Barding Armor
29:51 Fletching
32:21 Padded Archer Armor
33:47 Conscription
33:34 Capped Ram
36:21 Drill
35:30 Onager
35:35 Capped Ram
37:31 Siege Onager
38:40 Siege Engineers
38:31 Elite Mangudai
41:44 Bodkin Arrow
41:47 Heavy Camel Rider
43:22 Husbandry
48:06 Siege Ram
49:23 Iron Casting
48:48 Scale Mail Armor
48:49 Bracer
49:04 Leather Archer Armor
51:10 Light Cavalry
52:01 Bloodlines
55:51 Ballistics
55:27 Murder Holes
55:43 Masonry
60:11 Thumb Ring
60:10 Elite Skirmisher
65:02 Wheelbarrow
64:13 Town Watch
65:37 Hussar
68:43 Blast Furnace
83:16 Hand Cart
83:19 Chain Mail Armor
83:22 Man-at-Arms
84:04 Squires
83:50 Arson
84:50 Long Swordsman
85:28 Two-Handed Swordsman
86:36 Pikeman
87:14 Champion
Luca214405
0:31 Loom
14:02 Feudal Age
15:25 Wheelbarrow
14:34 Horse Collar
14:53 Double-Bit Axe
15:50 Gold Mining
19:16 Stone Mining
19:57 Town Watch
23:08 Castle Age
21:37 Arson
21:58 Scale Mail Armor
21:51 Fletching
25:20 Bow Saw
26:16 Heavy Plow
29:52 Hand Cart
30:42 Stone Shaft Mining
29:36 Elite Skirmisher
30:36 Pikeman
31:40 Chain Mail Armor
33:09 Ironclad
37:12 Imperial Age
36:50 Masonry
37:58 Bodkin Arrow
38:35 Plate Mail Armor
39:16 Chemistry
38:25 Siege Engineers
43:31 Two-Man Saw
43:19 Crop Rotation
44:44 Caravan
46:10 Halberdier
46:45 Arrowslits
47:22 Elite Teutonic Knight
57:16 Onager
61:28 Padded Archer Armor
TermodeMiller
2:22 Loom
12:51 Feudal Age
13:22 Double-Bit Axe
16:00 Wheelbarrow
17:25 Gold Mining
21:00 Stone Mining
24:00 Castle Age
24:09 Fletching
25:45 Hand Cart
25:35 Caravan
26:09 Bow Saw
29:29 Ballistics
29:33 Town Watch
30:35 Hand Cart
31:20 Bodkin Arrow
35:50 Imperial Age
33:41 Husbandry
34:07 Pikeman
35:46 Gold Shaft Mining
36:03 Fortified Wall
36:10 Scale Barding Armor
36:30 Squires
36:44 Forging
36:34 Scale Mail Armor
37:47 Cavalier
38:55 Chain Barding Armor
41:14 Chemistry
40:00 Capped Ram
43:02 Plate Barding Armor
43:53 Elite Skirmisher
45:15 Padded Archer Armor
48:47 Leather Archer Armor
53:08 Hoardings
79:40 Onager
86:38 Halberdier
88:14 Iron Casting
87:55 Chain Mail Armor
93:54 Blast Furnace
93:24 Plate Mail Armor
Drako
8:55 Loom
13:29 Feudal Age
15:33 Double-Bit Axe
16:26 Town Watch
20:34 Wheelbarrow
22:52 Castle Age
24:11 Loom
26:57 Bow Saw
28:20 Hand Cart
28:21 Caravan
28:47 Fishing Lines
28:56 Horse Collar
29:45 Heavy Plow
34:59 Imperial Age
32:55 Town Patrol
33:15 Gillnets
35:04 Chemistry
34:26 Ballistics
34:32 Fortified Wall
34:37 Pikeman
35:37 Forging
36:19 Elite Skirmisher
36:25 Crossbowman
39:19 Halberdier
40:01 Squires
41:07 Houfnice
41:52 Arbalester
44:02 Fletching
48:56 Wagenburg Tactics
49:09 Siege Engineers
50:10 Murder Holes
64:28 Hussite Reforms
64:51 Block Printing
71:22 Theocracy
72:17 Redemption
78:30 Capped Ram
acetiner
0:39 Loom
18:11 Feudal Age
19:49 Horse Collar
20:02 Stone Mining
20:05 Gold Mining
20:06 Double-Bit Axe
24:32 Forging
24:25 Scale Mail Armor
24:32 Scale Barding Armor
24:18 Fletching
24:29 Padded Archer Armor
29:35 Castle Age
31:28 Iron Casting
31:14 Chain Barding Armor
30:50 Bodkin Arrow
31:11 Chain Mail Armor
31:01 Heavy Plow
32:42 Gold Shaft Mining
32:21 Bow Saw
35:35 Wheelbarrow
35:45 Leather Archer Armor
36:44 Hand Cart
37:22 Marauders
40:34 Imperial Age
40:24 Bloodlines
40:15 Husbandry
41:15 Masonry
41:00 Murder Holes
43:06 Two-Man Saw
41:29 Man-at-Arms
41:30 Pikeman
42:11 Squires
41:57 Arson
41:38 Elite Tarkan
42:39 Conscription
42:42 Atheism
42:34 Town Watch
42:23 Crossbowman
42:24 Elite Skirmisher
42:25 Heavy Cavalry Archer
43:31 Parthian Tactics
43:23 Guilds
44:16 Blast Furnace
43:52 Plate Barding Armor
43:31 Bracer
44:15 Thumb Ring
50:21 Long Swordsman
50:22 Halberdier
Enki
0:29 Loom
11:51 Feudal Age
13:04 Town Watch
17:34 Castle Age
16:35 Double-Bit Axe
18:48 Bow Saw
22:55 Wheelbarrow
22:28 Horse Collar
24:51 Heavy Plow
31:05 Imperial Age
29:29 Hand Cart
30:58 Tigui
31:12 Forging
30:53 Fletching
31:12 Scale Barding Armor
31:27 Bloodlines
31:17 Husbandry
32:23 Conscription
31:48 Cavalier
32:31 Farimba
33:46 Chemistry
33:25 Town Patrol
34:06 Iron Casting
33:53 Chain Barding Armor
37:38 Plate Barding Armor
39:24 Treadmill Crane
44:11 Bodkin Arrow
44:55 Ballistics
44:46 Masonry
47:33 Crop Rotation
49:06 Light Cavalry
49:50 Padded Archer Armor
50:41 Thumb Ring
49:56 Crossbowman
50:58 Arbalester
Connection lost

Rejoining the realm…

Still unreachable

The connection could not be restored.

Session expired

The server has moved on; the page needs a fresh start.